Login

Mariners vs Warheads

Created - May 5, 2024 at 11:54

Goals
1 2 3 T
Mariners 1 2 0 3
Warheads 0 2 2 4
Shots
1 2 3 T
Mariners 11 11 8 30
Warheads 10 15 13 38

GoalsPenalties
1st period
1. Mariners , Adrian Kempe 31 (Marc Staal 16, Jeff Skinner 34) at 14:54
No Penalty
2nd period
2. Warheads , Brock Knuckledunker 22 (Nicolas Roy 23, Timothy Liljegren 8) at 3:37
3. Mariners , Sean Monahan 23 (Adrian Kempe 35, Ryan Graves 25) at 7:04 (PP)
4. Mariners , Mats Zuccarello 15 (Christopher Tanev 16, Nicholas Paul 8) at 11:42
5. Warheads , Cam Fowler 12 (Robert Thomas 31, Lawson Crouse 22) at 15:34 (PP)
John Marino (WAR) for Hooking (Minor) at 0:17
Jack McBain (WAR) for Holding Stick (Minor) at 5:41
Marc Staal (GDA) for Hooking (Minor) at 15:10
3rd period
6. Warheads , Radek Faksa 7 (Mitchell Marner 41, Cam Fowler 24) at 6:18
7. Warheads , Jake Walman 2 (Nicolas Roy 24, Jacob Middleton 12) at 17:11
Marc Staal (GDA) for Hooking (Minor) at 15:10
Goalie Stats
Linus Ullmark (GDA), 34 saves from 38 shots - (0.895), L, 46-20-7, 59:08 minutes
Logan Thompson (WAR), 27 saves from 30 shots - (0.900), W, 34-36-8, 60:00 minutes
3 StarsOfficial
1 - Adrian Kempe (GDA)
2 - Cam Fowler (WAR)
3 - Jake Walman (WAR)
Referees : Unknown
Linesman : Unknown
Game Note
No Game Note
Finance
Level 1 -- Attendance: 4921 (82.02%) -- Ticket Income $492,100
Level 2 -- Attendance: 3422 (68.44%) -- Ticket Income $205,320
Level 3 -- Attendance: 1609 (80.45%) -- Ticket Income $56,315
Level 4 -- Attendance: 3219 (80.48%) -- Ticket Income $80,475
Luxury Box -- Attendance: 1000 (100.00%) -- Ticket Income $200,000
Game was played at the COS Torwar.
Total Attendance: 14171 (78.73%)
Total Ticket Income: $1,034,210
Other Income: $413,684
Total Income: $1,447,894



Team Name Goals Shots Shots Attemp Shots Blocked PIM HIT PP PK FO%
Mariners 3306984221 / 2 (50%)159%
Warheads 43873114231 / 2 (50%)141%

Mariners
Player Name POS G A P +/- PIM HIT SHT SB MP PP MP PP SHT PK MP PK SHT FO% FOT
Adrian KempeC/LW/RW1121034020:572:0000:5200% 0
Brady SkjeiD0001010221:392:3101:2700% 0
Brandon MontourD000-1052219:092:0210:5600% 0
Christopher TanevD0111011017:590:2710:2400% 0
Erik BrannstromD000000000:000:0000:0000% 0
Filip ChytilC/LW000001103:500:0000:00043% 7
James van RiemsdykLW/RW0000012014:520:0000:00050% 2
Jeff SkinnerLW0111011020:052:0000:0000% 0
Jonatan BerggrenC/LW/RW000000003:500:0000:0000% 0
Marc StaalD011-1410120:540:0000:0000% 0
Mats ZuccarelloLW/RW1010011014:520:0000:00050% 2
Mika ZibanejadC000-2012024:111:2201:31061% 28
Nicholas PaulC/LW0110013014:520:0000:00047% 15
Nikita ZaitsevD000-1000314:540:0000:0000% 0
Patrik LaineLW/RW000-2000018:501:2200:0000% 0
Ricky CumalotLW/RW000-2023020:211:2201:3100% 1
Ryan GravesD011-1025025:231:4431:5900% 0
Sean MonahanC1011015020:572:0020:52069% 32
Warheads
Player Name POS G A P +/- PIM HIT SHT SB MP PP MP PP SHT PK MP PK SHT FO% FOT
Brock KnuckledunkerC/LW1011013018:090:0002:08050% 2
Cam FowlerD1120003014:461:5532:2300% 0
Damon SeversonD000-1000215:290:2801:1100% 0
Ilya MikheyevLW/RW000100407:320:0000:000100% 1
Jack McBainC/LW0000221116:101:0401:1400% 0
Jacob MiddletonD011-1030114:530:2800:3500% 0
Jake WalmanD1011011220:030:0000:0000% 0
Jeff CarterC/RW000100007:320:0000:00050% 10
Jeremy LauzonD0001080220:030:0000:0000% 0
John MarinoD0001210123:101:5500:5400% 0
Lawson CrouseLW/RW011-1056018:081:1910:0000% 1
Lucas RaymondRW000-1003018:081:1900:0000% 1
Lukas ReichelLW/RW0001000016:010:0000:0000% 0
Mitchell MarnerRW0111009124:371:0412:08211% 9
Nicolas RoyC/LW/RW0221014016:290:2800:00045% 20
Radek FaksaC/LW1010012113:530:0000:00046% 24
Robert ThomasC/RW011-1002019:581:5501:14042% 19
Timothy LiljegrenD0111000011:350:0001:4100% 0

Mariners

5 vs 5 Forward
Line #Left WingCenterRight WingPHYDFOFWanted %Time %Time Play
1Ricky CumalotMika ZibanejadPatrik Laine1223332%16:55
2Jeff SkinnerSean MonahanAdrian Kempe1223334%18:05
3Mats ZuccarelloNicholas PaulJames van Riemsdyk1222628%14:52
4Jonatan BerggrenFilip ChytilMika Zibanejad12287%3:50
5 vs 5 Defense
Line #DefenseDefensePHYDFOFWanted %Time %Time Play
1Ryan GravesBrandon Montour1223029%15:38
2Christopher TanevBrady Skjei1222832%17:08
3Nikita ZaitsevMarc Staal1222628%14:54
4Ryan GravesMarc Staal1221611%6:02
Power Play Forward
Line #Left WingCenterRight WingPHYDFOFWanted %Time %Time Play
1Ricky CumalotMika ZibanejadPatrik Laine1135541%1:22
2Jeff SkinnerSean MonahanAdrian Kempe1134559%2:00
Power Play Defense
Line #DefenseDefensePHYDFOFWanted %Time %Time Play
1Brandon MontourBrady Skjei1135560%2:02
2Ryan GravesBrady Skjei1134540%1:20
Penalty Kill 4 Players Forward
Line #CenterWingPHYDFOFWanted %Time %Time Play
1Mika ZibanejadRicky Cumalot1315564%1:31
2Sean MonahanAdrian Kempe1314536%0:52
Penalty Kill 4 Players Defense
Line #DefenseDefensePHYDFOFWanted %Time %Time Play
1Ryan GravesMarc Staal13155100%2:23
2Brady SkjeiRyan Graves131450%0:00
Penalty Kill 3 Players
Line #WingPHYDFOFWanted %Time %Time PlayDefenseDefensePHYDFOFWanted %Time %Time Play
1Mika Zibanejad131550%0:00 Ryan GravesMarc Staal131550%0:00
2Sean Monahan131450%0:00 Brady SkjeiRyan Graves131450%0:00
4 vs 4 Forward
Line #CenterWingPHYDFOFWanted %Time %Time Play
1Mika ZibanejadRicky Cumalot122550%0:00
2Sean MonahanAdrian Kempe122450%0:00
4 vs 4 Defense
Line #DefensePHYDFOFWanted %Time %Time Play
1Ryan GravesMarc Staal122550%0:00
2Brady SkjeiRyan Graves122450%0:00
Last Minutes Offensive
Left WingCenterRight WingDefenseDefense
Ricky CumalotMika ZibanejadPatrik LaineBrandon MontourBrady Skjei
Last Minutes Defensive
Left WingCenterRight WingDefenseDefense
Ricky CumalotMika ZibanejadSean MonahanRyan GravesMarc Staal
Time
Total ForwardTotal DefenseLast Minutes OffensiveLast Minutes Defensive
60:00 60:00 0:330:00
Extra Forwards
Normal PowerPlayPenalty Kill
Sean Monahan, Filip Chytil, Nicholas PaulSean Monahan, Filip ChytilNicholas Paul
Extra Defensemen
Normal PowerPlayPenalty Kill
Ryan Graves, Brady Skjei, Brandon MontourRyan Graves, Brady SkjeiBrandon Montour
Penalty Shots
Mika Zibanejad, Ricky Cumalot, Patrik Laine, Jeff Skinner, Adrian Kempe
Goalie
Linus Ullmark, Anton Forsberg
Custom OT Lines Forwards
Mika Zibanejad, Ricky Cumalot, Patrik Laine, Jeff Skinner, Adrian Kempe, Mats Zuccarello, Sean Monahan, Filip Chytil, Nicholas Paul, James van Riemsdyk
Custom OT Lines Defensemen
Ryan Graves, Marc Staal, Nikita Zaitsev, Brandon Montour, Brady Skjei
Scratches
Jesper Fast (Healthy), Logan Stanley (Healthy)

Warheads

5 vs 5 Forward
Line #Left WingCenterRight WingPHYDFOFWanted %Time %Time Play
1Jack McBainRadek FaksaMitchell Marner1223025%13:20
2Lawson CrouseRobert ThomasLucas Raymond1222831%16:49
3Brock KnuckledunkerNicolas RoyLukas Reichel1222630%16:01
4Ilya MikheyevJeff CarterMitchell Marner1221614%7:32
5 vs 5 Defense
Line #DefenseDefensePHYDFOFWanted %Time %Time Play
1Jeremy LauzonJake Walman1223036%19:30
2John MarinoCam Fowler1222819%10:28
3John MarinoTimothy Liljegren1222618%9:54
4Damon SeversonJacob Middleton1221626%13:50
Power Play Forward
Line #Left WingCenterRight WingPHYDFOFWanted %Time %Time Play
1Jack McBainRobert ThomasMitchell Marner1225545%1:04
2Lawson CrouseRobert ThomasLucas Raymond1224555%1:19
Power Play Defense
Line #DefenseDefensePHYDFOFWanted %Time %Time Play
1Cam FowlerJohn Marino12255100%2:23
2John MarinoCam Fowler122450%0:00
Penalty Kill 4 Players Forward
Line #CenterWingPHYDFOFWanted %Time %Time Play
1Mitchell MarnerJack McBain1225563%2:08
2Robert ThomasJack McBain1224537%1:14
Penalty Kill 4 Players Defense
Line #DefenseDefensePHYDFOFWanted %Time %Time Play
1Cam FowlerJohn Marino1225588%2:58
2John MarinoCam Fowler1224512%0:24
Penalty Kill 3 Players
Line #WingPHYDFOFWanted %Time %Time PlayDefenseDefensePHYDFOFWanted %Time %Time Play
1Mitchell Marner122550%0:00 Cam FowlerJohn Marino122550%0:00
2Mitchell Marner122450%0:00 John MarinoCam Fowler122450%0:00
4 vs 4 Forward
Line #CenterWingPHYDFOFWanted %Time %Time Play
1Mitchell MarnerJack McBain122550%0:00
2Robert ThomasJack McBain122450%0:00
4 vs 4 Defense
Line #DefensePHYDFOFWanted %Time %Time Play
1John MarinoCam Fowler122550%0:00
2John MarinoCam Fowler122450%0:00
Last Minutes Offensive
Left WingCenterRight WingDefenseDefense
Jack McBainRadek FaksaMitchell MarnerJeremy LauzonJake Walman
Last Minutes Defensive
Left WingCenterRight WingDefenseDefense
Jack McBainRadek FaksaMitchell MarnerJeremy LauzonJake Walman
Time
Total ForwardTotal DefenseLast Minutes OffensiveLast Minutes Defensive
60:00 60:00 0:000:33
Extra Forwards
Normal PowerPlayPenalty Kill
Mitchell Marner, Nicolas Roy, Jack McBainMitchell Marner, Nicolas RoyMitchell Marner
Extra Defensemen
Normal PowerPlayPenalty Kill
John Marino, Timothy Liljegren, Damon SeversonJohn Marino, Timothy LiljegrenDamon Severson
Penalty Shots
Mitchell Marner, Nicolas Roy, Robert Thomas, Jack McBain, Lucas Raymond
Goalie
Logan Thompson, Adin Hill
Custom OT Lines Forwards
Mitchell Marner, Radek Faksa, Robert Thomas, Jack McBain, Lucas Raymond, Lawson Crouse, Brock Knuckledunker, Nicolas Roy, Lukas Reichel, Jeff Carter
Custom OT Lines Defensemen
Jeremy Lauzon, Jake Walman, John Marino, Cam Fowler, Timothy Liljegren
Scratches
Andrew Copp (Healthy), Jordan Greenway (Healthy)


Play-by-Play

1st period


0:01 of 1st period - Radek Faksa wins face-off versus Mika Zibanejad in neutral zone.
0:12 of 1st period - Shot by Jeremy Lauzon.
0:12 of 1st period - Shot Misses the Net.
0:27 of 1st period - Icing by Jake Walman.
0:28 of 1st period - Sean Monahan wins face-off versus Radek Faksa in Warheads zone.
1:45 of 1st period - Shot by James van Riemsdyk.
1:45 of 1st period - Stopped by Logan Thompson without a rebound.
1:46 of 1st period - Nicolas Roy wins face-off versus Filip Chytil in Warheads zone.
1:59 of 1st period - Ryan Graves is hit by Nicolas Roy and loses puck.
2:09 of 1st period - Icing by Jacob Middleton.
2:10 of 1st period - Mats Zuccarello wins face-off versus Nicolas Roy in Warheads zone.
2:40 of 1st period - Mats Zuccarello is hit by Jacob Middleton and loses puck.
3:09 of 1st period - Shot by Ricky Cumalot.
3:09 of 1st period - Stopped by Logan Thompson without a rebound.
3:10 of 1st period - Jeff Carter wins face-off versus Sean Monahan in Warheads zone.
3:10 of 1st period - Jeff Carter is hit by Jeff Skinner.
3:30 of 1st period - Shot by Jeff Skinner.
3:30 of 1st period - Stopped by Logan Thompson without a rebound.
3:31 of 1st period - Mika Zibanejad wins face-off versus Robert Thomas in Warheads zone.
3:35 of 1st period - Ricky Cumalot is hit by Jeremy Lauzon and loses puck.
3:52 of 1st period - Shot by Lawson Crouse.
3:52 of 1st period - Stopped by Linus Ullmark with a rebound.
3:54 of 1st period - Shot by Lawson Crouse.
3:54 of 1st period - Stopped by Linus Ullmark with a rebound.
4:08 of 1st period - Shot by Lawson Crouse.
4:08 of 1st period - Deflect By Robert Thomas.
4:08 of 1st period - Shot Misses the Net.
4:39 of 1st period - Shot by Adrian Kempe.
4:39 of 1st period - Shot Hit the Post.
5:44 of 1st period - Icing by Nikita Zaitsev.
5:45 of 1st period - Nicholas Paul wins face-off versus Robert Thomas in Mariners zone.
5:54 of 1st period - Shot by Mats Zuccarello.
5:54 of 1st period - Shot Misses the Net.
6:06 of 1st period - Marc Staal is hit by Lawson Crouse and loses puck.
6:11 of 1st period - Shot by Lucas Raymond.
6:11 of 1st period - Stopped by Linus Ullmark without a rebound.
6:12 of 1st period - Mika Zibanejad wins face-off versus Mitchell Marner in Mariners zone.
6:45 of 1st period - Shot by John Marino.
6:45 of 1st period - Shot Misses the Net.
7:33 of 1st period - Shot by Sean Monahan.
7:33 of 1st period - Shot Misses the Net.
7:41 of 1st period - Christopher Tanev is hit by Lawson Crouse and loses puck.
8:10 of 1st period - Shot by Nicolas Roy.
8:10 of 1st period - Stopped by Linus Ullmark without a rebound.
8:11 of 1st period - Jeff Carter wins face-off versus Nicholas Paul in Mariners zone.
8:32 of 1st period - Shot by Ilya Mikheyev.
8:32 of 1st period - Shot Blocked by Nikita Zaitsev.
8:34 of 1st period - Shot by Ilya Mikheyev.
8:34 of 1st period - Shot Misses the Net.
8:38 of 1st period - Shot by Ilya Mikheyev.
8:38 of 1st period - Stopped by Linus Ullmark without a rebound.
8:39 of 1st period - Mika Zibanejad wins face-off versus Nicolas Roy in Mariners zone.
9:16 of 1st period - Icing by Jacob Middleton.
9:17 of 1st period - Nicholas Paul wins face-off versus Nicolas Roy in Warheads zone.
9:18 of 1st period - Shot by Mats Zuccarello.
9:18 of 1st period - Deflect By Nicholas Paul.
9:18 of 1st period - Stopped by Logan Thompson without a rebound.
9:19 of 1st period - Radek Faksa wins face-off versus Nicholas Paul in Warheads zone.
9:19 of 1st period - Radek Faksa is hit by Nicholas Paul.
9:29 of 1st period - Shot by Mitchell Marner.
9:29 of 1st period - Stopped by Linus Ullmark without a rebound.
9:30 of 1st period - Sean Monahan wins face-off versus Robert Thomas in Mariners zone.
9:39 of 1st period - Shot by Sean Monahan.
9:39 of 1st period - Deflect By Adrian Kempe.
9:39 of 1st period - Shot Misses the Net.
9:51 of 1st period - Shot by Adrian Kempe.
9:51 of 1st period - Stopped by Logan Thompson with a rebound.
9:53 of 1st period - Shot by Sean Monahan.
9:53 of 1st period - Stopped by Logan Thompson with a rebound.
9:55 of 1st period - Shot by Ryan Graves.
9:55 of 1st period - Stopped by Logan Thompson with a rebound.
10:50 of 1st period - Icing by Mika Zibanejad.
10:51 of 1st period - Nicolas Roy wins face-off versus Filip Chytil in Mariners zone.
10:52 of 1st period - Shot by Brock Knuckledunker.
10:52 of 1st period - Deflect By Nicolas Roy.
10:52 of 1st period - Stopped by Linus Ullmark without a rebound.
10:53 of 1st period - Nicholas Paul wins face-off versus Radek Faksa in Mariners zone.
10:53 of 1st period - Nicholas Paul is hit by Jack McBain.
11:03 of 1st period - Shot by James van Riemsdyk.
11:03 of 1st period - Stopped by Logan Thompson without a rebound.
11:04 of 1st period - Sean Monahan wins face-off versus Nicolas Roy in Warheads zone.
12:17 of 1st period - Shot by Jack McBain.
12:17 of 1st period - Shot Blocked by Nikita Zaitsev.
13:31 of 1st period - Icing by Christopher Tanev.
13:32 of 1st period - Nicolas Roy wins face-off versus Nicholas Paul in Mariners zone.
13:53 of 1st period - Shot by Brock Knuckledunker.
13:53 of 1st period - Shot Misses the Net.
14:32 of 1st period - Shot by Brandon Montour.
14:32 of 1st period - Shot Misses the Net.
14:34 of 1st period - Shot by Ryan Graves.
14:34 of 1st period - Shot Misses the Net.
14:36 of 1st period - Shot by Mika Zibanejad.
14:36 of 1st period - Stopped by Logan Thompson without a rebound.
14:37 of 1st period - Sean Monahan wins face-off versus Radek Faksa in Warheads zone.
14:48 of 1st period - Shot by Adrian Kempe.
14:48 of 1st period - Shot Misses the Net.
14:50 of 1st period - Shot by Marc Staal.
14:50 of 1st period - Shot Misses the Net.
14:52 of 1st period - Shot by Marc Staal.
14:52 of 1st period - Shot Misses the Net.
14:54 of 1st period - Shot by Adrian Kempe.
14:54 of 1st period - Goal by Adrian Kempe - Mariners : 1 - Warheads : 0.
14:55 of 1st period - Robert Thomas wins face-off versus Mika Zibanejad in neutral zone.
15:06 of 1st period - Shot by Lawson Crouse.
15:06 of 1st period - Stopped by Linus Ullmark without a rebound.
15:07 of 1st period - Sean Monahan wins face-off versus Radek Faksa in Mariners zone.
15:14 of 1st period - Shot by Adrian Kempe.
15:14 of 1st period - Stopped by Logan Thompson without a rebound.
15:15 of 1st period - Mika Zibanejad wins face-off versus Jeff Carter in Warheads zone.
16:17 of 1st period - Shot by Lucas Raymond.
16:17 of 1st period - Stopped by Linus Ullmark without a rebound.
16:18 of 1st period - Nicolas Roy wins face-off versus Nicholas Paul in Mariners zone.
16:18 of 1st period - Lukas Reichel is hit by Christopher Tanev and loses puck.
16:48 of 1st period - Shot by Nicolas Roy.
16:48 of 1st period - Stopped by Linus Ullmark without a rebound.
16:49 of 1st period - Sean Monahan wins face-off versus Robert Thomas in Mariners zone.
16:54 of 1st period - Ryan Graves is hit by Lawson Crouse and loses puck.
17:05 of 1st period - Sean Monahan is hit by Jake Walman.
17:17 of 1st period - Shot by Sean Monahan.
17:17 of 1st period - Shot Blocked by Jake Walman.
17:38 of 1st period - Icing by Jeremy Lauzon.
17:39 of 1st period - Robert Thomas wins face-off versus Nicholas Paul in Warheads zone.
17:59 of 1st period - Icing by Mitchell Marner.
18:00 of 1st period - Mika Zibanejad wins face-off versus Radek Faksa in Warheads zone.
18:01 of 1st period - Shot by Ricky Cumalot.
18:01 of 1st period - Shot Blocked by John Marino.
18:55 of 1st period - Jacob Middleton is hit by Adrian Kempe and loses puck.
19:22 of 1st period - Icing by Jacob Middleton.
19:23 of 1st period - Nicholas Paul wins face-off versus Nicolas Roy in Warheads zone.
19:23 of 1st period - Brandon Montour is hit by Jacob Middleton and loses puck.
Goals for this period are 1 for Mariners vs 0 for Warheads.
Shots for this period are 11 for Mariners vs 10 for Warheads.

2nd period


0:01 of 2nd period - Mika Zibanejad wins face-off versus Radek Faksa in neutral zone.
0:01 of 2nd period - Ricky Cumalot is hit by Jack McBain and loses puck.
0:17 of 2nd period - Minor Penalty to John Marino for Hooking.
0:18 of 2nd period - Sean Monahan wins face-off versus Mitchell Marner in Warheads zone.
0:45 of 2nd period - Shot by Brandon Montour.
0:45 of 2nd period - Shot Hit the Post.
1:19 of 2nd period - Shot by Ricky Cumalot.
1:19 of 2nd period - Shot Misses the Net.
1:21 of 2nd period - Shot by Mika Zibanejad.
1:21 of 2nd period - Shot Misses the Net.
1:23 of 2nd period - Shot by Ryan Graves.
1:23 of 2nd period - Shot Misses the Net.
1:32 of 2nd period - Shot by Ricky Cumalot.
1:32 of 2nd period - Shot Misses the Net.
1:34 of 2nd period - Shot by Christopher Tanev.
1:34 of 2nd period - Stopped by Logan Thompson with a rebound.
1:36 of 2nd period - Shot by Ryan Graves.
1:36 of 2nd period - Stopped by Logan Thompson without a rebound.
1:37 of 2nd period - Mika Zibanejad wins face-off versus Mitchell Marner in Warheads zone.
1:38 of 2nd period - Shot by Ricky Cumalot.
1:38 of 2nd period - Deflect By Patrik Laine.
1:38 of 2nd period - Shot Misses the Net.
1:40 of 2nd period - Shot by Ryan Graves.
1:40 of 2nd period - Shot Misses the Net.
1:42 of 2nd period - Shot by Ryan Graves.
1:42 of 2nd period - Stopped by Logan Thompson without a rebound.
1:43 of 2nd period - Mika Zibanejad wins face-off versus Mitchell Marner in Warheads zone.
1:58 of 2nd period - Shot by Mitchell Marner.
1:58 of 2nd period - Stopped by Linus Ullmark with a rebound.
2:00 of 2nd period - Shot by Mitchell Marner.
2:00 of 2nd period - Stopped by Linus Ullmark without a rebound.
2:01 of 2nd period - Mitchell Marner wins face-off versus Sean Monahan in Mariners zone.
2:26 of 2nd period - Shot by James van Riemsdyk.
2:26 of 2nd period - Shot Misses the Net.
2:28 of 2nd period - Shot by Nicholas Paul.
2:28 of 2nd period - Shot Blocked by Jeremy Lauzon.
2:41 of 2nd period - Shot by Mats Zuccarello.
2:41 of 2nd period - Shot Misses the Net.
3:16 of 2nd period - Lukas Reichel is hit by Brandon Montour and loses puck.
3:24 of 2nd period - Nicolas Roy is hit by Brandon Montour and loses puck.
3:35 of 2nd period - Shot by Brock Knuckledunker.
3:35 of 2nd period - Shot Blocked by Brandon Montour.
3:37 of 2nd period - Shot by Brock Knuckledunker.
3:37 of 2nd period - Goal by Brock Knuckledunker - Mariners : 1 - Warheads : 1.
3:38 of 2nd period - Jeff Carter wins face-off versus Sean Monahan in neutral zone.
4:06 of 2nd period - Icing by Sean Monahan.
4:07 of 2nd period - Sean Monahan wins face-off versus Robert Thomas in Mariners zone.
4:14 of 2nd period - Jake Walman is hit by Adrian Kempe and loses puck.
4:59 of 2nd period - Shot by Patrik Laine.
4:59 of 2nd period - Shot Misses the Net.
5:11 of 2nd period - Shot by Radek Faksa.
5:11 of 2nd period - Stopped by Linus Ullmark with a rebound.
5:13 of 2nd period - Shot by Mitchell Marner.
5:13 of 2nd period - Shot Misses the Net.
5:26 of 2nd period - Icing by Cam Fowler.
5:27 of 2nd period - Radek Faksa wins face-off versus Nicholas Paul in Warheads zone.
5:41 of 2nd period - Minor Penalty to Jack McBain for Holding Stick.
5:42 of 2nd period - Sean Monahan wins face-off versus Mitchell Marner in Warheads zone.
5:43 of 2nd period - Shot by Brandon Montour.
5:43 of 2nd period - Stopped by Logan Thompson without a rebound.
5:44 of 2nd period - Sean Monahan wins face-off versus Mitchell Marner in Warheads zone.
6:09 of 2nd period - Shot by Sean Monahan.
6:09 of 2nd period - Stopped by Logan Thompson without a rebound.
6:10 of 2nd period - Brock Knuckledunker wins face-off versus Mika Zibanejad in Warheads zone.
6:18 of 2nd period - Icing by Ricky Cumalot.
6:19 of 2nd period - Mika Zibanejad wins face-off versus Mitchell Marner in Mariners zone.
6:36 of 2nd period - Shot by Mika Zibanejad.
6:36 of 2nd period - Shot Blocked by Mitchell Marner.
6:38 of 2nd period - Shot by Mika Zibanejad.
6:38 of 2nd period - Shot Misses the Net.
6:40 of 2nd period - Shot by Ryan Graves.
6:40 of 2nd period - Stopped by Logan Thompson without a rebound.
6:41 of 2nd period - Sean Monahan wins face-off versus Robert Thomas in Warheads zone.
6:58 of 2nd period - Shot by Adrian Kempe.
6:58 of 2nd period - Shot Misses the Net.
7:00 of 2nd period - Shot by Ryan Graves.
7:00 of 2nd period - Shot Misses the Net.
7:02 of 2nd period - Shot by Adrian Kempe.
7:02 of 2nd period - Shot Blocked by Damon Severson.
7:04 of 2nd period - Shot by Sean Monahan.
7:04 of 2nd period - Goal by Sean Monahan - Mariners : 2 - Warheads : 1.
7:05 of 2nd period - Radek Faksa wins face-off versus Mika Zibanejad in neutral zone.
7:16 of 2nd period - Shot by Radek Faksa.
7:16 of 2nd period - Shot Misses the Net.
7:30 of 2nd period - Shot by Mitchell Marner.
7:30 of 2nd period - Stopped by Linus Ullmark without a rebound.
7:31 of 2nd period - Robert Thomas wins face-off versus Sean Monahan in Mariners zone.
8:11 of 2nd period - Icing by Lawson Crouse.
8:12 of 2nd period - Mika Zibanejad wins face-off versus Robert Thomas in Warheads zone.
8:25 of 2nd period - Ryan Graves is hit by Lawson Crouse and loses puck.
8:39 of 2nd period - Shot by Mika Zibanejad.
8:39 of 2nd period - Shot Blocked by Jeremy Lauzon.
8:45 of 2nd period - Shot by Mika Zibanejad.
8:45 of 2nd period - Shot Blocked by Jack McBain.
8:53 of 2nd period - Shot by Mika Zibanejad.
8:53 of 2nd period - Shot Blocked by Jake Walman.
9:12 of 2nd period - Mats Zuccarello is hit by Jeremy Lauzon and loses puck.
9:25 of 2nd period - Shot by Mats Zuccarello.
9:25 of 2nd period - Shot Hit the Post.
9:45 of 2nd period - Shot by Sean Monahan.
9:45 of 2nd period - Stopped by Logan Thompson with a rebound.
9:52 of 2nd period - Icing by Jake Walman.
9:53 of 2nd period - Radek Faksa wins face-off versus Filip Chytil in Warheads zone.
10:06 of 2nd period - Shot by Filip Chytil.
10:06 of 2nd period - Stopped by Logan Thompson without a rebound.
10:07 of 2nd period - Nicolas Roy wins face-off versus Sean Monahan in Warheads zone.
10:16 of 2nd period - Shot by Brock Knuckledunker.
10:16 of 2nd period - Shot Misses the Net.
10:18 of 2nd period - Shot by Nicolas Roy.
10:18 of 2nd period - Shot Misses the Net.
10:22 of 2nd period - Shot by Brock Knuckledunker.
10:22 of 2nd period - Shot Misses the Net.
10:24 of 2nd period - Shot by Nicolas Roy.
10:24 of 2nd period - Shot Misses the Net.
11:10 of 2nd period - Shot by Robert Thomas.
11:10 of 2nd period - Stopped by Linus Ullmark without a rebound.
11:11 of 2nd period - Robert Thomas wins face-off versus James van Riemsdyk in Mariners zone.
11:37 of 2nd period - Nicholas Paul is hit by Jacob Middleton and loses puck.
11:42 of 2nd period - Shot by Mats Zuccarello.
11:42 of 2nd period - Goal by Mats Zuccarello - Mariners : 3 - Warheads : 1.
11:43 of 2nd period - Jeff Carter wins face-off versus Mika Zibanejad in neutral zone.
11:50 of 2nd period - Shot by John Marino.
11:50 of 2nd period - Shot Blocked by Nikita Zaitsev.
11:52 of 2nd period - Shot by Mitchell Marner.
11:52 of 2nd period - Shot Misses the Net.
11:54 of 2nd period - Shot by Ilya Mikheyev.
11:54 of 2nd period - Shot Misses the Net.
11:56 of 2nd period - Shot by Jeff Carter.
11:56 of 2nd period - Deflect By Mitchell Marner.
11:56 of 2nd period - Shot Misses the Net.
11:58 of 2nd period - Shot by Jeff Carter.
11:58 of 2nd period - Shot Misses the Net.
12:08 of 2nd period - Shot by Ilya Mikheyev.
12:08 of 2nd period - Stopped by Linus Ullmark without a rebound.
12:09 of 2nd period - Sean Monahan wins face-off versus Nicolas Roy in Mariners zone.
12:24 of 2nd period - Icing by Jeremy Lauzon.
12:25 of 2nd period - Nicolas Roy wins face-off versus Filip Chytil in Warheads zone.
12:37 of 2nd period - Icing by Jake Walman.
12:38 of 2nd period - Nicolas Roy wins face-off versus Sean Monahan in Warheads zone.
12:38 of 2nd period - Nicolas Roy is hit by Adrian Kempe.
12:41 of 2nd period - Brock Knuckledunker is hit by Sean Monahan and loses puck.
12:50 of 2nd period - Shot by Sean Monahan.
12:50 of 2nd period - Stopped by Logan Thompson with a rebound.
13:04 of 2nd period - Shot by Jeff Skinner.
13:04 of 2nd period - Shot Misses the Net.
13:57 of 2nd period - Shot by Mitchell Marner.
13:57 of 2nd period - Deflect By Jack McBain.
13:57 of 2nd period - Stopped by Linus Ullmark with a rebound.
13:59 of 2nd period - Shot by Radek Faksa.
13:59 of 2nd period - Shot Misses the Net.
14:01 of 2nd period - Shot by Jack McBain.
14:01 of 2nd period - Shot Misses the Net.
14:03 of 2nd period - Shot by Cam Fowler.
14:03 of 2nd period - Shot Blocked by Brady Skjei.
14:55 of 2nd period - Damon Severson is hit by Ryan Graves and loses puck.
15:00 of 2nd period - Shot by Robert Thomas.
15:00 of 2nd period - Stopped by Linus Ullmark without a rebound.
15:01 of 2nd period - Sean Monahan wins face-off versus Jeff Carter in Mariners zone.
15:10 of 2nd period - Minor Penalty to Marc Staal for Hooking.
15:11 of 2nd period - Sean Monahan wins face-off versus Mitchell Marner in Mariners zone.
15:22 of 2nd period - Shot by Cam Fowler.
15:22 of 2nd period - Shot Misses the Net.
15:26 of 2nd period - Shot by Cam Fowler.
15:26 of 2nd period - Stopped by Linus Ullmark without a rebound.
15:27 of 2nd period - Robert Thomas wins face-off versus Sean Monahan in Mariners zone.
15:32 of 2nd period - Shot by Robert Thomas.
15:32 of 2nd period - Shot Blocked by Brady Skjei.
15:34 of 2nd period - Shot by Cam Fowler.
15:34 of 2nd period - Goal by Cam Fowler - Mariners : 3 - Warheads : 2.
15:35 of 2nd period - Nicolas Roy wins face-off versus Sean Monahan in neutral zone.
15:42 of 2nd period - Shot by Brock Knuckledunker.
15:42 of 2nd period - Stopped by Linus Ullmark without a rebound.
15:43 of 2nd period - Sean Monahan wins face-off versus Jeff Carter in Mariners zone.
16:20 of 2nd period - Shot by Ilya Mikheyev.
16:20 of 2nd period - Shot Blocked by Marc Staal.
16:22 of 2nd period - Shot by Ilya Mikheyev.
16:22 of 2nd period - Stopped by Linus Ullmark without a rebound.
16:23 of 2nd period - Nicolas Roy wins face-off versus Mika Zibanejad in Mariners zone.
16:23 of 2nd period - Brock Knuckledunker is hit by Brandon Montour and loses puck.
16:29 of 2nd period - Brock Knuckledunker is hit by Brandon Montour and loses puck.
16:49 of 2nd period - Brock Knuckledunker is hit by Brandon Montour and loses puck.
18:23 of 2nd period - Shot by Mitchell Marner.
18:23 of 2nd period - Stopped by Linus Ullmark without a rebound.
18:24 of 2nd period - Filip Chytil wins face-off versus Radek Faksa in Mariners zone.
18:24 of 2nd period - Filip Chytil is hit by Radek Faksa.
18:40 of 2nd period - Shot by Mitchell Marner.
18:40 of 2nd period - Stopped by Linus Ullmark without a rebound.
18:41 of 2nd period - Sean Monahan wins face-off versus Nicolas Roy in Mariners zone.
19:15 of 2nd period - Sean Monahan is hit by Jeremy Lauzon and loses puck.
Goals for this period are 2 for Mariners vs 2 for Warheads.
Shots for this period are 11 for Mariners vs 15 for Warheads.

3rd period


0:01 of 3rd period - Radek Faksa wins face-off versus Mika Zibanejad in neutral zone.
0:59 of 3rd period - Icing by John Marino.
1:00 of 3rd period - Sean Monahan wins face-off versus Radek Faksa in Warheads zone.
1:40 of 3rd period - Adrian Kempe is hit by Jeremy Lauzon and loses puck.
2:08 of 3rd period - Shot by Nicholas Paul.
2:08 of 3rd period - Deflect By Mats Zuccarello.
2:08 of 3rd period - Shot Blocked by Jacob Middleton.
2:10 of 3rd period - Shot by Nicholas Paul.
2:10 of 3rd period - Shot Blocked by Damon Severson.
2:12 of 3rd period - Shot by Brandon Montour.
2:12 of 3rd period - Stopped by Logan Thompson without a rebound.
2:13 of 3rd period - Mika Zibanejad wins face-off versus Nicolas Roy in Warheads zone.
2:43 of 3rd period - Icing by Nikita Zaitsev.
2:44 of 3rd period - Filip Chytil wins face-off versus Jeff Carter in Mariners zone.
2:49 of 3rd period - Ilya Mikheyev is hit by Mika Zibanejad.
3:52 of 3rd period - Icing by Jake Walman.
3:53 of 3rd period - Nicholas Paul wins face-off versus Lawson Crouse in Warheads zone.
4:18 of 3rd period - Shot by Lucas Raymond.
4:18 of 3rd period - Shot Misses the Net.
4:27 of 3rd period - Ryan Graves is hit by Jeremy Lauzon and loses puck.
4:45 of 3rd period - Ryan Graves is hit by Jeremy Lauzon.
5:03 of 3rd period - Shot by Ricky Cumalot.
5:03 of 3rd period - Stopped by Logan Thompson with a rebound.
5:23 of 3rd period - Shot by Nicolas Roy.
5:23 of 3rd period - Shot Misses the Net.
5:47 of 3rd period - Jacob Middleton is hit by Marc Staal and loses puck.
5:50 of 3rd period - Shot by Nicolas Roy.
5:50 of 3rd period - Shot Misses the Net.
6:16 of 3rd period - Shot by Mitchell Marner.
6:16 of 3rd period - Shot Hit the Post.
6:18 of 3rd period - Shot by Radek Faksa.
6:18 of 3rd period - Goal by Radek Faksa - Mariners : 3 - Warheads : 3.
6:19 of 3rd period - Sean Monahan wins face-off versus Jeff Carter in neutral zone.
6:21 of 3rd period - Off-side.
6:22 of 3rd period - Jeff Carter wins face-off versus Sean Monahan in neutral zone.
6:27 of 3rd period - Shot by Jeff Carter.
6:27 of 3rd period - Shot Misses the Net.
6:32 of 3rd period - Brandon Montour is hit by John Marino.
7:03 of 3rd period - Shot by Adrian Kempe.
7:03 of 3rd period - Shot Misses the Net.
7:37 of 3rd period - Shot by Nicolas Roy.
7:37 of 3rd period - Stopped by Linus Ullmark without a rebound.
7:38 of 3rd period - Filip Chytil wins face-off versus Robert Thomas in Mariners zone.
7:59 of 3rd period - Jake Walman is hit by Filip Chytil and loses puck.
8:10 of 3rd period - Shot by Lucas Raymond.
8:10 of 3rd period - Stopped by Linus Ullmark without a rebound.
8:11 of 3rd period - James van Riemsdyk wins face-off versus Nicolas Roy in Mariners zone.
8:11 of 3rd period - James van Riemsdyk is hit by Brock Knuckledunker.
8:21 of 3rd period - Nicolas Roy is hit by Mats Zuccarello and loses puck.
8:35 of 3rd period - Nicolas Roy is hit by Ryan Graves and loses puck.
8:59 of 3rd period - Icing by Ryan Graves.
9:00 of 3rd period - Radek Faksa wins face-off versus Nicholas Paul in Mariners zone.
9:01 of 3rd period - Shot by Mitchell Marner.
9:01 of 3rd period - Deflect By Radek Faksa.
9:01 of 3rd period - Shot Misses the Net.
9:07 of 3rd period - Shot by Mitchell Marner.
9:07 of 3rd period - Stopped by Linus Ullmark without a rebound.
9:08 of 3rd period - Sean Monahan wins face-off versus Radek Faksa in Mariners zone.
10:02 of 3rd period - Icing by Christopher Tanev.
10:03 of 3rd period - Robert Thomas wins face-off versus Ricky Cumalot in Mariners zone.
10:03 of 3rd period - Robert Thomas is hit by Brady Skjei.
10:05 of 3rd period - Shot by Lawson Crouse.
10:05 of 3rd period - Stopped by Linus Ullmark without a rebound.
10:06 of 3rd period - Mika Zibanejad wins face-off versus Robert Thomas in Mariners zone.
10:06 of 3rd period - Mika Zibanejad is hit by Lawson Crouse.
10:30 of 3rd period - Patrik Laine is hit by Jeremy Lauzon and loses puck.
10:54 of 3rd period - Lawson Crouse is hit by Ricky Cumalot and loses puck.
11:32 of 3rd period - Shot by Ilya Mikheyev.
11:32 of 3rd period - Shot Misses the Net.
11:49 of 3rd period - Shot by Ilya Mikheyev.
11:49 of 3rd period - Stopped by Linus Ullmark with a rebound.
11:51 of 3rd period - Shot by Timothy Liljegren.
11:51 of 3rd period - Shot Misses the Net.
12:16 of 3rd period - Shot by Brock Knuckledunker.
12:16 of 3rd period - Stopped by Linus Ullmark without a rebound.
12:17 of 3rd period - Radek Faksa wins face-off versus Nicholas Paul in Mariners zone.
12:26 of 3rd period - Jacob Middleton is hit by James van Riemsdyk and loses puck.
12:31 of 3rd period - Shot by Mats Zuccarello.
12:31 of 3rd period - Shot Blocked by Radek Faksa.
12:35 of 3rd period - Shot by Nicholas Paul.
12:35 of 3rd period - Stopped by Logan Thompson without a rebound.
12:36 of 3rd period - Mika Zibanejad wins face-off versus Nicolas Roy in Warheads zone.
12:56 of 3rd period - Off-side.
12:57 of 3rd period - Nicholas Paul wins face-off versus Robert Thomas in neutral zone.
13:19 of 3rd period - James van Riemsdyk is hit by Jeremy Lauzon and loses puck.
13:52 of 3rd period - Shot by Mika Zibanejad.
13:52 of 3rd period - Shot Misses the Net.
13:54 of 3rd period - Shot by Ryan Graves.
13:54 of 3rd period - Stopped by Logan Thompson without a rebound.
13:55 of 3rd period - Sean Monahan wins face-off versus Radek Faksa in Warheads zone.
13:58 of 3rd period - Shot by Adrian Kempe.
13:58 of 3rd period - Stopped by Logan Thompson without a rebound.
13:59 of 3rd period - Mika Zibanejad wins face-off versus Radek Faksa in Warheads zone.
14:00 of 3rd period - Shot by Ricky Cumalot.
14:00 of 3rd period - Stopped by Logan Thompson without a rebound.
14:01 of 3rd period - Mika Zibanejad wins face-off versus Radek Faksa in Warheads zone.
14:17 of 3rd period - John Marino is hit by Ricky Cumalot and loses puck.
14:26 of 3rd period - Shot by Mika Zibanejad.
14:26 of 3rd period - Stopped by Logan Thompson without a rebound.
14:27 of 3rd period - Sean Monahan wins face-off versus Nicolas Roy in Warheads zone.
14:59 of 3rd period - Off-side.
15:00 of 3rd period - Radek Faksa wins face-off versus Mika Zibanejad in neutral zone.
15:10 of 3rd period - Minor Penalty to Marc Staal for Hooking.
15:11 of 3rd period - Mika Zibanejad wins face-off versus Lucas Raymond in Mariners zone.
15:46 of 3rd period - Shot by Lucas Raymond.
15:46 of 3rd period - Deflect By Lawson Crouse.
15:46 of 3rd period - Stopped by Linus Ullmark without a rebound.
15:47 of 3rd period - Robert Thomas wins face-off versus Sean Monahan in Mariners zone.
15:48 of 3rd period - Shot by Cam Fowler.
15:48 of 3rd period - Stopped by Linus Ullmark without a rebound.
15:49 of 3rd period - Mika Zibanejad wins face-off versus Robert Thomas in Mariners zone.
16:06 of 3rd period - Shot by Mitchell Marner.
16:06 of 3rd period - Stopped by Linus Ullmark without a rebound.
16:07 of 3rd period - Robert Thomas wins face-off versus Mika Zibanejad in Mariners zone.
17:09 of 3rd period - Shot by Nicolas Roy.
17:09 of 3rd period - Shot Hit the Post.
17:11 of 3rd period - Shot by Jake Walman.
17:11 of 3rd period - Goal by Jake Walman - Mariners : 3 - Warheads : 4.
17:12 of 3rd period - Ilya Mikheyev wins face-off versus Mats Zuccarello in neutral zone.
17:39 of 3rd period - Shot by Mitchell Marner.
17:39 of 3rd period - Stopped by Linus Ullmark without a rebound.
17:40 of 3rd period - Sean Monahan wins face-off versus Brock Knuckledunker in Mariners zone.
18:58 of 3rd period - Shot by Lawson Crouse.
18:58 of 3rd period - Stopped by Linus Ullmark without a rebound.
18:59 of 3rd period - Nicholas Paul wins face-off versus Radek Faksa in Mariners zone.
19:08 of 3rd period - Mariners, Linus Ullmark is pulled from the net.
19:16 of 3rd period - Shot by Mats Zuccarello.
19:16 of 3rd period - Shot Misses the Net.
19:18 of 3rd period - Shot by Mats Zuccarello.
19:18 of 3rd period - Shot Misses the Net.
19:26 of 3rd period - Shot by Nicholas Paul.
19:26 of 3rd period - Stopped by Logan Thompson without a rebound.
19:27 of 3rd period - Radek Faksa wins face-off versus Mika Zibanejad in Warheads zone.
19:31 of 3rd period - Off-side.
19:32 of 3rd period - Radek Faksa wins face-off versus Mika Zibanejad in neutral zone.
19:39 of 3rd period - Shot by Jack McBain.
19:39 of 3rd period - Shot Blocked by Brandon Montour.
Goals for this period are 0 for Mariners vs 2 for Warheads.
Shots for this period are 8 for Mariners vs 13 for Warheads.